 Dungeon Crawl Stone Soup version 0.18.1-48-g4cf74bf (webtiles) character file.

72 Gargoyl the Skirmisher (level 4, 0/36 HPs)
             Began as a Demonspawn Abyssal Knight on Aug 12, 2016.
             Was a Believer of Lugonu.
             Slain by an ice beast (7 damage)
             ... on level 3 of the Dungeon.
             The game lasted 00:04:37 (2183 turns).

Gargoyl the Skirmisher (Demonspawn Abyssal Knight)  Turns: 2183, Time: 00:04:37

Health: 0/36       AC:  5    Str: 16    XL:     4   Next: 7%
Magic:  6/6        EV: 15    Int: 14    God:    Lugonu [**....]
Gold:   171        SH:  3    Dex: 12    Spells: 0 memorised, 3 levels left

rFire  . . .     SeeInvis .     a - +1 hand axe
rCold  . . .     Gourm    .     h - +0 ring mail
rNeg   . . .     Faith    .     i - +0 buckler
rPois  .         Spirit   .     (no helmet)
rElec  .         Dismiss  .     (no cloak)
rCorr  .         Reflect  .     (no gloves)
SustAt .         Harm     .     (no boots)
MR     .....                    (no amulet)
Stlth  +.........               l - +3 ring of strength
                                j - +5 ring of evasion

@: not resistant to hostile enchantments, very unstealthy
A: claws 1
a: Depart the Abyss, Bend Space, Renounce Religion


You were on level 3 of the Dungeon.
You worshipped Lugonu.
Lugonu was pleased with you.
You were not hungry.

You visited 1 branch of the dungeon, and saw 3 of its levels.
You visited the Abyss 1 time.

You collected 171 gold pieces.

Inventory:

Hand Weapons
 a - a +1 hand axe (weapon)
 e - a +3 hand crossbow of flaming
Armour
 h - a +0 ring mail (worn)
 i - a +0 buckler (worn)
Jewellery
 j - a +5 ring of evasion (left claw)
 l - a +3 ring of strength (right claw)
Scrolls
 f - a scroll of immolation {unknown}
 g - 2 scrolls of remove curse
 k - 4 scrolls of enchant weapon {unknown}
 m - 5 scrolls of identify {unknown}
 n - a scroll of fog {unknown}
 q - a scroll of blinking {unknown}
Potions
 d - a potion of brilliance {unknown}
 o - a potion of curing {unknown}
 p - a potion of heal wounds {unknown}
Comestibles
 b - a royal jelly
 c - 2 bread rations
 r - a meat ration


   Skills:
 + Level 3.6 Fighting
 + Level 2.3 Axes
 * Level 2.3 Armour
 + Level 1.6 Dodging
 + Level 0.4 Stealth
 + Level 0.1 Shields
 + Level 2.7 Invocations


You had 3 spell levels left.
You didn't know any spells.

Dungeon Overview and Level Annotations

Branches:
Dungeon (3/15)

Altars:
Cheibriados
Ru


Innate Abilities, Weirdness & Mutations

You have sharp fingernails.


Message History

You hit the ice beast but do no damage.
The ice beast is heavily wounded.
The ice beast hits you but does no damage.
You hit the ice beast but do no damage.
The ice beast is heavily wounded.
The ice beast barely misses you.
You hit the ice beast.
The ice beast is severely wounded.
The ice beast barely misses you.
You hit the ice beast.
The ice beast is severely wounded.
The ice beast hits you. The ice beast freezes you!
* * * LOW HITPOINT WARNING * * *
The ice beast hits you but does no damage.
You hit the ice beast but do no damage.
The ice beast is severely wounded.
The ice beast hits you.
* * * LOW HITPOINT WARNING * * *
The ice beast freezes you!
You die...

#.. ... #...
#.. ... ..#
#.####..#
#.......#
#.....#
#..<..#
#.....#
##.@.## .
##Y.##....
#......#
#.........
.......#$..
.......#...#.
####..#####...
#.. ### ...


You could see an ice beast.

Vanquished Creatures
  A gnoll (D:1)
  3 adders (D:2)
  A worm (D:2)
  A dart slug (D:2)
  A giant gecko (D:1)
  5 goblins
  A hobgoblin (D:1)
  4 jackals
  6 bats
  A giant newt (D:1)
  4 kobolds
  7 rats
35 creatures vanquished.

Notes
Turn   | Place    | Note
--------------------------------------------------------------
     0 | Abyss:1  | Gargoyl the Demonspawn Abyssal Knight began the quest for the Orb.
     0 | Abyss:1  | Reached XP level 1. HP: 18/18 MP: 2/2
    45 | Abyss:3  | Noticed a wretched star
    46 | D:1      | Escaped the Abyss
   194 | D:1      | Gained mutation: You have sharp fingernails. [demonic ancestry]
   194 | D:1      | Reached XP level 2. HP: 4/24 MP: 3/3
   474 | D:1      | Reached * piety under Lugonu
  1223 | D:1      | Reached skill level 1 in Dodging
  1423 | D:2      | Reached XP level 3. HP: 26/29 MP: 4/4
  1816 | D:2      | Found a sacrificial altar of Ru.
  1897 | D:2      | Found a snail-covered altar of Cheibriados.
  1933 | D:2      | Reached XP level 4. HP: 29/36 MP: 6/6
  2166 | D:3      | Reached ** piety under Lugonu
  2167 | D:3      | Noticed an ice beast
  2183 | D:3      | Slain by an ice beast

Skill      XL: |  1  2  3 |
---------------+----------+-----
Axes           | 2 |  2.3
Dodging        | 1 |  1.6
Armour         | 2 |  2.3
Fighting       | |  3.6
Stealth        | |  0.4
Shields        | |  0.1
Invocations    | |  2.7

Action                   |  1- 3 |  4- 6 || total
-------------------------+-------+-------++-------
Melee: Hand axe          |   114 |    21 ||   135
Invok: Depart the Abyss  |     1 |       ||     1
  Use: Scroll            |     1 |       ||     1
       Potion            |     1 |       ||     1
  Eat: Chunk             |     3 |     1 ||     4
Armor: Leather armour    |    14 |       ||    14
       Ring mail         |    21 |     5 ||    26
       Skin              |    10 |       ||    10
Dodge: Dodged            |    83 |    14 ||    97
Block: Buckler           |    18 |     3 ||    21
